 Dungeon Crawl Stone Soup version 0.29.0-11-gd7f09526c8 (webtiles) character file.

Game seed: 10660060494995807560

84 SnakkuSnakku7 the Sneak (level 4, -3/35 HPs)
             Began as a Human Delver on Sept 7, 2022.
             Slain by a black bear (5 damage)
             ... on level 3 of the Dungeon.
             The game lasted 00:03:17 (3479 turns).

SnakkuSnakku7 the Sneak (Human Delver)              Turns: 3479, Time: 00:03:18

Health: -3/35      AC:  8    Str: 14    XL:     4   Next: 74%
Magic:  4/4        EV:  6    Int: 11    God:
Gold:   140        SH:  0    Dex: 14    Spells: 3/3 levels left

rFire   . . .      SeeInvis .   a - +0 morningstar
rCold   . . .      Faith    .   (no shield)
rNeg    . . .      Spirit   .   h - +0 chain mail
rPois   .          Reflect  .   (no helmet)
rElec   .          Harm     .   (no cloak)
rCorr   .          Rampage  .   (no gloves)
Will    .....                   (no boots)
Stlth   ..........              (no amulet)
HPRegen 0.11/turn               (no ring)
MPRegen 0.09/turn               (no ring)

@: no status effects
A: no striking features
a: no special abilities


You were on level 3 of the Dungeon.
You visited 1 branch of the dungeon, and saw 5 of its levels.

You collected 140 gold pieces.

Inventory:

Hand Weapons
 a - a +0 morningstar (weapon)
 u - a +0 spear
Missiles
 d - 2 poisoned darts (quivered)
Armour
 b - a +0 leather armour
 h - a +0 chain mail (worn)
Wands
 g - a wand of digging (3)
Scrolls
 c - 2 scrolls of fog
 i - 4 scrolls of identify {unknown}
 j - 4 scrolls of magic mapping
 m - 3 scrolls of noise {unknown}
 q - a scroll of enchant armour {unknown}
 r - a scroll of blinking {unknown}
 s - a scroll of vulnerability {unknown}
 t - a scroll of torment {unknown}
 v - a scroll of brand weapon {unknown}
 w - a scroll of poison {unknown}
Potions
 e - 2 potions of brilliance {unknown}
 f - 3 potions of haste
 k - 2 potions of flight {unknown}
 l - 3 potions of attraction {unknown}
 n - a potion of degeneration {unknown}
 o - a potion of might {unknown}
 p - a potion of lignification {unknown}


   Skills:
 - Level 3.2 Fighting
 + Level 1.0 Maces & Flails
 - Level 2.0 Polearms
 + Level 3.4 Throwing
 - Level 2.0 Dodging
 - Level 5.0 Stealth


You had 3 spell levels left.
You didn't know any spells.
Your spell library was empty.

Dungeon Overview and Level Annotations

Branches:
Dungeon (5/15)
 Temple: D:4-7

Altars:

Annotations:
D:4 Menkaure


Message History

Aim: a black bear (lightly wounded, very poisoned, 68% to hit)
You throw a poisoned dart. The poisoned dart hits the black bear!
The black bear looks as sick as possible!
The black bear is lightly wounded.
The black bear bites you but does no damage.
The black bear closely misses you. The black bear claws you.
You climb upwards.
There is a stone staircase leading down here.
You sock the black bear!
The black bear is severely wounded.
The black bear goes berserk!
You barely miss the black bear.
The black bear is severely wounded.
The black bear bites you.
The black bear claws you but does no damage.
The black bear claws you. The black bear bites you.
The black bear claws you but does no damage. x2
You barely miss the black bear.
The black bear is almost dead.
The black bear bites you.
The black bear claws you but does no damage.
The black bear claws you. The black bear barely misses you.
The black bear claws you but does no damage.
The black bear claws you.
You hit the black bear.
The black bear is almost dead.
The black bear bites you. The black bear claws you. x2
The black bear bites you but does no damage.
The black bear closely misses you. The black bear barely misses you.
You barely miss the black bear.
The black bear is almost dead.
The black bear bites you.
* * * LOW HITPOINT WARNING * * *
The black bear claws you but does no damage. x2
The black bear barely misses you. The black bear claws you.
* * * LOW HITPOINT WARNING * * *
The black bear claws you.
* * * LOW HITPOINT WARNING * * *
The black bear bites you.
You die...

...#.#...#...)..#.....# #.#....#
.#.#.....#......#.....# #.#.##.#
.......#.#......#.....# #.#.##..
.......#........#.....####.#.####
.......#.#.#..#.#..........#.....
.......#.#.#..#.#.....###########
.......#.#.#.....................
.......#.#.#.##h.#.#.############
##.#...#.#.#....@#.#.#######
##.###.#.#.#######.#.##....# ...#
#.#.#.# #.#....##.# ######.#.#.#
#.#######.# .......#.#.#
#.........# ########.#.#
########### #........#.#
#.########.# #..........#


You could see a black bear (berserk, very poisoned).

Vanquished Creatures
  4 adders
  3 worms (D:3)
  A dart slug (D:1)
  An orc (D:3)
  5 ball pythons
  2 bats
  2 endoplasms (D:1)
  A giant cockroach (D:2)
  A goblin (D:1)
  6 hobgoblins
  4 kobolds
  A quokka (D:2)
  3 frilled lizards
  5 rats
39 creatures vanquished.

Notes
Turn   | Place    | Note
-------+----------+-------------------------------------------
     0 | D:5      | SnakkuSnakku7 the Human Delver began the quest for the Orb.
     0 | D:5      | Reached XP level 1. HP: 18/18 MP: 1/1
    33 | D:5      | Noticed an orc priest
   128 | D:4      | Noticed a black bear
   467 | D:2      | Reached skill level 1 in Throwing
   467 | D:2      | Reached XP level 2. HP: 11/24 MP: 2/2
   737 | D:1      | Found a faded altar of an unknown god.
   907 | D:1      | Reached XP level 3. HP: 27/29 MP: 3/3
  1307 | D:1      | You fall into a shaft and drop 1 floor!
  2291 | D:3      | Reached XP level 4. HP: 30/35 MP: 4/4
  3321 | D:3      | Reached skill level 1 in Maces & Flails
  3410 | D:4      | Noticed Menkaure
  3479 | D:3      | Slain by a black bear

Illustrated notes

Levels and vault maps discovered:
D:1:      dpeg_arrival_short_road, layout_loops_ring,
          shapermc_ecumenical_altar_notcrosses, minivault_23
D:2:      layout_basic
D:3:      layout_basic
D:4:      layout_cave_pools, trog_wizard, minmay_misc_feat_plants,
          minmay_fractal_squares_diagonal_5, uniq_menkaure
D:5:      layout_basic, lemuel_blue_sif_altar, grunt_ministairs_9, uniq_ijyb,
          uniq_duvessa

Skill      XL: |  1  2  3  4 |
---------------+-------------+-----
Throwing       | 1 2 3 |  3.4
Maces & Flails | 1 |  1.0
Fighting       | |  3.2
Polearms       | |  2.0
Dodging        | |  2.0
Stealth        | |  5.0

Action                   |  1- 3 |  4- 6 || total
-------------------------+-------+-------++-------
Melee: Spear             |    97 |    13 ||   110
       Punch             |     2 |       ||     2
       Morningstar       |       |    33 ||    33
Throw: Dart              |     5 |     8 ||    13
  Use: Scroll            |     2 |       ||     2
 Stab: Sleeping          |     1 |       ||     1
Armor: Leather armour    |     3 |       ||     3
       Chain mail        |    32 |    32 ||    64
Dodge: Dodged            |    29 |    14 ||    43
